 Dungeon Crawl Stone Soup version 0.28-a0-1415-g7c84da036a (webtiles) character file.

Game seed: 12965359056932096412

202821 freelancePsychic the Warrior (level 19, -11/225 HPs)
             Began as a Djinni Venom Mage on Jan 8, 2022.
             Was an Initiate of Gozag.
             Killed from afar by a spark wasp (14 damage)
             ... with a living lightning
             ... led by a torpor snail
             ... on level 1 of the Spider Nest.
             The game lasted 01:42:41 (52671 turns).

freelancePsychic the Warrior (Djinni Venom Mage)   Turns: 52671, Time: 01:42:41

Health: -11/225    AC: 11    Str: 11    XL:     19   Next: 30%
Gold:   408        EV: 15    Int: 37    God:    Gozag SH: 12 Dex: 10

rFire   + + +      SeeInvis +   u - +6 dagger (venom)
rCold   + + .      Faith    .   z - +2 buckler of Gozag's Grace {Str+4 Int+7 Slay-6}
rNeg    + + +      Spirit   .   k - +3 troll leather armour
rPois   ∞          Reflect  +   d - +0 hat "Xoqihaf" {Will++ Stlth-}
rElec   .          Harm     .   y - +0 cloak
rCorr   .          Rampage  .   L - +2 pair of gloves
Will    ++...                   (boots unavailable)
Stlth   ..........              Y - amulet of reflection
HPRegen 1.27/turn               P - ring "Jineyreph" {rF+ rC+ Int+6}
MPRegen 0.00/turn               K - ring "Toxzar" {rPois rC++ rN+++ Will- Dex-5 SInv}

@: berserking, flying, hasted and slowed
A: sickness immunity, fire resistance 2, cold vulnerability 1, float, innate
caster, hp casting, extra vitality 1
}: 1/15 runes: serpentine
a: Renounce Religion, Potion Petition, Call Merchant, Bribe Branch


You were on level 1 of the Spider Nest.
You worshipped Gozag.
Gozag was aware of your devotion.
You visited 8 branches of the dungeon, and saw 31 of its levels.
You also visited: Ossuary, Ice Cave and Volcano.

You collected 3982 gold pieces.
You spent 1393 gold pieces at shops.
You paid 2181 gold pieces to Gozag.

Inventory:

Hand Weapons
 u - a +6 dagger of venom (weapon)
 V - a +1 demon whip of flaming
Missiles
 s - a throwing net
Armour
 d - the +0 hat "Xoqihaf" (worn) {Will++ Stlth-}
   (You acquired it on level 4 of the Dungeon)

   Will:      It greatly increases your willpower.
   Stlth:     It makes you less stealthy.
 k - a +3 troll leather armour (worn)
 y - a +0 cloak (worn)
 z - the +2 buckler of Gozag's Grace (worn) {Str+4 Int+7 Slay-6}
   (You bought it in a shop on level 3 of the Snake Pit)

   Str:       It affects your strength (+4).
   Int:       It affects your intelligence (+7).
   Slay:      It affects your accuracy & damage with ranged weapons and melee
   (-6).
 L - a +2 pair of gloves (worn)
Magical Staves
 N - a staff of cold
Jewellery
 a - an amulet of regeneration
 q - the ring of Liberalism {rElec rPois rF+}
   (You took it off a centaur warrior on level 12 of the Dungeon)

   [ring of poison resistance]

   rF:        It protects you from fire.
   rElec:     It insulates you from electricity.
   rPois:     It protects you from poison.
 I - the ring of Unomaed {rF+ Dex+4}
   (You acquired it on level 11 of the Dungeon)

   [ring of protection from fire]

   Dex:       It affects your dexterity (+4).
   rF:        It protects you from fire.
 K - the ring "Toxzar" (right hand) {rPois rC++ rN+++ Will- Dex-5 SInv}
   (You found it on level 15 of the Dungeon)

   [ring of see invisible]

   Dex:       It affects your dexterity (-5).
   rC:        It greatly protects you from cold.
   rPois:     It protects you from poison.
   rN:        It renders you almost immune to negative energy.
   SInv:      It lets you see invisible.
   Will:      It decreases your willpower.
 P - the ring "Jineyreph" (left hand) {rF+ rC+ Int+6}
   (You took it off a death knight on level 12 of the Dungeon)

   [ring of intelligence]

   Int:       It affects your intelligence (+6).
   rF:        It protects you from fire.
   rC:        It protects you from cold.
 X - an amulet of faith
 Y - an amulet of reflection (around neck)
Wands
 m - a wand of acid (5)
 t - a wand of polymorph (5)
 C - a wand of mindburst (24)
 E - a wand of iceblast (7)
 J - a wand of digging (30)
 M - a wand of flame (18)
 W - a wand of paralysis (10)
Scrolls
 c - 13 scrolls of teleportation {@r4}
 i - 4 scrolls of vulnerability
 j - 5 scrolls of blinking
 l - 3 scrolls of noise
 o - a scroll of fear
 r - a scroll of identify {@r1}
 w - 5 scrolls of magic mapping
 B - 2 scrolls of brand weapon
 D - 3 scrolls of silence
 G - 10 scrolls of fog
 R - a scroll of holy word
Potions
 b - 4 potions of mutation
 e - a potion of cancellation
 g - 9 potions of curing {@q1}
 h - a potion of invisibility
 n - 4 potions of lignification
 p - 2 potions of heal wounds {@q2}
 v - 7 potions of magic
 x - 4 potions of attraction
 A - a potion of ambrosia
 F - 2 potions of berserk rage {unknown}
 O - 4 potions of might
 Q - 4 potions of resistance
 U - 2 potions of haste {@q3}
 Z - 4 potions of brilliance
Miscellaneous
 S - a phantom mirror
 T - a box of beasts


   Skills:
 + Level 17.8 Fighting
 - Level 5.4 Short Blades
 - Level 13.1 Dodging
 - Level 4.5 Stealth
 - Level 8.2 Shields
 + Level 16.1 Spellcasting
 - Level 11.4 Invocations


You had one spell level left.
You knew the following spells:

 Your Spells              Type           Power      Damage    Failure   Level
a - Lee's Rapid Deconstr  Erth           49%        3d24*     1%          5
b - Haunt                 Necr/Summ      49%        N/A       2%          7
c - Spellforged Servitor  Conj/Summ      49%        N/A       2%          7
d - Olgreb's Toxic Radia  Pois           99%        N/A       1%          4
e - Fireball              Conj/Fire      49%        3d19      1%          5
f - Poisonous Vapours     Pois/Air       100%       N/A       0%          2
g - Blink                 Tloc           100%       N/A       0%          2
h - Petrify               Tmut/Erth      99%        N/A       1%          4
i - Sting                 Tmut/Pois      100%       1d8       0%          1
j - Summon Small Mammal   Summ           100%       N/A       0%          1
k - Death Channel         Necr           49%        N/A       1%          6
l - Mephitic Cloud        Conj/Pois/Air  99%        N/A       0%          3
m - Searing Ray           Conj           100%       2d8       0%          2
Your spell library was empty.

Dungeon Overview and Level Annotations

Branches:
Dungeon (15/15)            Temple (1/1) D:6            Lair (6/6) D:11
  Snake (4/4) Lair:2       Spider (1/4) Lair:2        Slime (1/5) Lair:6
    Orc (2/2) D:12            Elf (1/3) Orc:2        Vaults (0/5) D:13
 Depths (0/4) D:15        Ossuary (visited)           IceCv (visited)
Volcano (visited)

Altars:
Ashenzari
Cheibriados
Dithmenos
Elyvilon
Fedhas
Gozag
Hepliaklqana
Kikubaaqudgha
Makhleb
Nemelex Xobeh
Okawaru
Qazlal
Ru
Sif Muna
Trog
Uskayaw
Vehumet
Wu Jian
Xom
Yredelemnul
Zin
The Shining One
Beogh
Lugonu

Shops:
D:5 =   D:12 (   Orc:1 ?   Orc:2 (=!*   Snake:3 [[*[   Snake:4 (

Portals:
Abyss: Lair:6
Trove: D:12 (give horn of Geryon)

Annotations:
D:9 2 transporters, Pin's ghost, novice DrMo
D:10 1 runed translucent door, AbsoluteStateOfPlay's ghost, novice MiBe
D:15 Qucsich's ghost, journeyman HOAr
Snake:1 1 runed translucent door, Cifurakhle's ghost, adept MiBe
Orc:2 3 runed translucent doors, IdlyInterested's ghost, journeyman DsBr
Elf:1 3 runed translucent doors, flotson's ghost, adept DsGl


Innate Abilities, Weirdness & Mutations

You are immune to sickness and miasma.
You are immune to poison.
Your flesh is very heat resistant. (rF++)
You are vulnerable to cold. (rC-)
You float through the air rather than walking.
You learn spells naturally, not from books.
Your magical power is your life essence.
You have superior vitality. (+4 MHP)


Message History

You hit the spark wasp.
The spark wasp is poisoned.
The spark wasp is lightly wounded.
The spark wasp stings you! The spark wasp shocks you!
Your wraith hits the torpor snail.
Your wraith drains the torpor snail's vigour!
The torpor snail seems to slow down.
You closely miss the spark wasp.
The spark wasp is lightly wounded.
You block the spark wasp's attack.
You barely miss the spark wasp.
The spark wasp is lightly wounded.
The spark wasp stings you!! The spark wasp shocks you!
* * * LOW HITPOINT WARNING * * *
Your phantasmal warrior hits the torpor snail.
You closely miss the spark wasp.
The spark wasp is lightly wounded.
The spark wasp stings you!
* * * LOW HITPOINT WARNING * * *
The spark wasp shocks you!
* * * LOW HITPOINT WARNING * * *
You closely miss the spark wasp.
The spark wasp is moderately wounded.
You block the spark wasp's attack.
You puncture the spark wasp!
The spark wasp is moderately wounded.
The spark wasp stings you but does no damage.
You puncture the spark wasp!
The spark wasp looks as sick as possible!
The spark wasp is heavily wounded.
The spark wasp stings you!!
* * * LOW HITPOINT WARNING * * *
The spark wasp shocks you!
* * * LOW HITPOINT WARNING * * *
Your phantasmal warrior hits the torpor snail but does no damage.
The spark wasp stings you but does no damage.
Unknown command.
The spark wasp bursts into living lightning!
The living lightning hits you!
You die...
Your body crumbles into a pile of gold.

##...## ###..##
##..# ######..#
##..#.#..#
#........#
#....#..##
##^.##### ##.@##
##
#.y..#########^..
#...$w##....$....
##..WWW..(.....#
##..$W...##.
##.......#
###....## ######


You could see a spark wasp (extremely poisoned, ally target), a torpor snail
(slow), a friendly shadow wraith (summoned, invisible, slow), 2 friendly
phantasmal warriors and a friendly wraith (summoned, slow).

Vanquished Creatures
  Jorgrun (D:12)
  Frances (Elf:1)
  Kirke (Snake:4)
  5 nagarajas (Snake:4)
  An azure jelly (Lair:5)
  An emperor scorpion (Lair:2)
  A deep elf sorcerer (Elf:1)
  Aizul (Snake:4)
  An ironbound preserver (D:13)
  A deep elf demonologist (Elf:1)
  An entropy weaver (Spider:1)
  4 fire dragons
  A deep elf high priest (Elf:1)
  6 hydras
  7 naga warriors
  An ice dragon (D:15)
  4 boulder beetles
  An ogre mage (D:15)
  A death knight (D:12)
  3 salamander tyrants (Snake:4)
  7 anacondas
  2 centaur warriors (D:12)
  6 two-headed ogres
  8 dancing weapons (Elf:1)
  Urug (D:9)
  3 death yaks (IceCv)
  5 shock serpents
  3 orc high priests (Orc:2)
  11 deep elf knights (Elf:1)
  11 naga sharpshooters
  3 thrashing horrors (Lair:6)
  A steelbarb worm (Lair:2)
  A pharaoh ant (Spider:1)
  3 salamander mystics
  2 sea snakes (Snake:2)
  A sea snake (shapeshifter) (Lair:6)
  4 lindwurms
  An obsidian statue (Lair:1)
  3 deep elf archers (Elf:1)
  5 naga ritualists
  A wizard (D:12)
  4 wolf spiders
  14 mana vipers
  13 deep elf zephyrmancers (Elf:1)
  5 orc knights (Orc:2)
  2 ugly things (D:13)
  15 deep elf pyromancers
  3 orc sorcerers (Orc:2)
  A shining eye (Slime:1)
  2 moths of wrath
  7 cyclopes
  22 elephants
  2 manticores
  An ice statue (IceCv)
  2 guardian serpents
  11 salamanders
  Joseph (D:8)
  34 black mambas
  6 smoke demons
  14 naga magi
  4 gargoyles
  7 cane toads
  2 large abominations (Lair:6)
  2 rime drakes
  An unseen horror (D:12)
  6 komodo dragons
  2 freezing wraiths (D:12)
  A demonic crawler (Lair:2)
  A kobold demonologist (D:12)
  4 ancient zymes (Lair:6)
  6 trolls
  10 polar bears
  A hornet (D:13)
  13 blink frogs
  Grinder (D:5)
  A meliai (shapeshifter) (D:13)
  4 tarantellas
  11 slime creatures
  7 dream sheep (Lair:6)
  3 jumping spiders
  A centaur simulacrum (D:15)
  Sigmund (D:5)
  2 culicivoras (Lair:2)
  10 small abominations (Lair:6)
  3 wraiths
  3 water elementals
  2 shadows
  6 wyverns
  2 ynoxinuls (Lair:6)
  10 basilisks
  5 hogs (Snake:4)
  50 yaks
  5 steam dragons
  2 fire elementals
  3 vampire mosquitoes (D:13)
  3 chaos spawn (Lair:6)
  8 redbacks
  40 nagas
  6 wargs
  7 acid dragons
  2 hell hounds (Volcano)
  9 water moccasins
  4 black bears
  19 orc warriors
  3 sky beasts
  2 necrophages
  5 ogres
  25 wolves
  3 centaurs
  A phantom (D:4)
  8 bullfrogs
  A kobold brigand (D:7)
  Blork the orc (D:4)
  An elf zombie (Ossuary)
  A gnoll sergeant (D:10)
  8 scorpions
  A water moccasin zombie (D:6)
  A water moccasin skeleton (D:6)
  8 killer bees (D:9)
  4 wights
  4 electric eels
  A centaur zombie (D:9)
  10 hounds
  A jelly (D:5)
  2 centaur skeletons
  Crazy Yiuf (D:6)
  17 orc priests
  3 bullfrog skeletons
  Ijyb (D:5)
  4 iguanas
  Natasha (D:2)
  23 orc wizards
  A hound zombie (Ossuary)
  A hound skeleton (D:4)
  4 mummies (Ossuary)
  2 howler monkey zombies
  3 adders
  8 gnolls
  A shadow imp (D:6)
  A white imp (D:8)
  An ufetubus (D:5)
  3 adder zombies (Ossuary)
  6 worms
  68 orcs
  9 ball pythons
  5 bats
  3 endoplasms
  3 giant cockroaches
  3 goblins
  7 hobgoblins
  5 jackals
  7 quokkas
  2 goblin zombies (Ossuary)
  A hobgoblin zombie (Ossuary)
  2 jackal zombies (Ossuary)
  14 kobolds
  2 orc zombies (Ossuary)
  9 rats
886 creatures vanquished.

Vanquished Creatures (collateral kills)
  A nagaraja (Snake:4)
  A frost giant (IceCv)
  A broodmother (Spider:1)
  A spark wasp (Lair:2)
  A boulder beetle (D:15)
  3 naga warriors
  An ice dragon (D:15)
  2 anacondas
  A death yak (IceCv)
  2 shock serpents
  A nameless horror (Lair:2)
  3 naga sharpshooters
  2 deep elf pyromancers
  A manticore (D:15)
  A guardian serpent (Snake:4)
  2 naga magi
  A black mamba (Snake:3)
  A demonic crawler (Spider:1)
  A polar bear (IceCv)
  5 slime creatures
  2 jumping spiders (Lair:2)
  A culicivora (Spider:1)
  A redback (Lair:2)
  An acid dragon (D:15)
  13 nagas
  Duvessa (D:6)
  An ogre (D:15)
  Dowan (D:6)
  A hound (D:6)
54 creatures vanquished.

Vanquished Creatures (others)
  A polar bear (IceCv)
  An orc priest (Orc:2)
  An orc wizard (Orc:2)
  8 fungi
  13 plants
24 creatures vanquished.

Grand Total: 964 creatures vanquished

Notes
Turn   | Place    | Note
-------+----------+-------------------------------------------
     0 | D:1      | freelancePsychic the Djinni Venom Mage began the quest for
                  | the Orb.
     0 | D:1      | Reached XP level 1. HP: 15/15 MP: 0/0
   365 | D:1      | Reached XP level 2. HP: 21/22 MP: 0/0
   974 | D:1      | Found a faded altar of an unknown god.
  1020 | D:1      | Reached skill level 1 in Fighting
  1419 | D:1      | Reached XP level 3. HP: 21/27 MP: 0/0
  1419 | D:1      | Learned a level 1 spell: Summon Small Mammal
  2312 | D:2      | Reached XP level 4. HP: 24/32 MP: 0/0
  3317 | D:3      | Noticed an ogre
  3334 | D:3      | Killed an ogre
  3335 | D:3      | Reached skill level 2 in Fighting
  3335 | D:3      | Reached skill level 1 in Short Blades
  3335 | D:3      | Reached XP level 5. HP: 23/38 MP: 0/0
  3335 | D:3      | Learned a level 2 spell: Searing Ray
  3493 | D:3      | Noticed a necrophage
  3808 | D:3      | Noticed Natasha
  3982 | D:2      | Killed Natasha
  4136 | D:4      | Identified a scroll of acquirement
  4137 | D:4      | Acquired the +0 hat "Xoqihaf" {Will++ Stlth-}
  4184 | D:4      | Found a sand-covered staircase.
  4192 | Ossuary  | Entered an ossuary
  4229 | Ossuary  | Reached XP level 6. HP: 21/45 MP: 0/0
  4426 | Ossuary  | Reached skill level 3 in Fighting
  5271 | D:4      | Reached XP level 7. HP: 48/50 MP: 0/0
  5271 | D:4      | Learned a level 2 spell: Blink
  5701 | D:4      | Noticed Blork the orc
  5886 | D:3      | Found a shimmering altar of Xom.
  5902 | D:3      | Found a blossoming altar of Fedhas.
  6315 | D:3      | Reached skill level 1 in Shields
  6315 | D:3      | Reached skill level 5 in Spellcasting
  6798 | D:5      | Entered Level 5 of the Dungeon
  6995 | D:4      | Reached skill level 4 in Fighting
  7141 | D:5      | Noticed Sigmund
  7145 | D:5      | Reached XP level 8. HP: 38/58 MP: 0/0
  7147 | D:5      | Killed Sigmund
  7356 | D:5      | Found Ejuuhah's Jewellery Boutique.
  7558 | D:5      | Noticed Grinder
  8287 | D:4      | Killed Blork the orc
  8288 | D:4      | Reached skill level 5 in Fighting
  8394 | D:5      | Reached XP level 9. HP: 15/65 MP: 0/0
  8394 | D:5      | Learned a level 4 spell: Petrify
  8956 | D:5      | Killed Grinder
  9225 | D:5      | Found a white marble altar of Elyvilon.
  9315 | D:5      | Became a worshipper of Elyvilon the Healer
  9370 | D:5      | Noticed Ijyb
  9380 | D:5      | Killed Ijyb
  9798 | D:6      | Noticed Duvessa
  9798 | D:6      | Noticed Dowan
 10225 | D:6      | Killed Duvessa
 10227 | D:6      | Killed Dowan
 10731 | D:6      | Identified the +1 leather armour of Foolhardiness {rElec
                  | rC+ Will+++ Dex-2}
 10861 | D:6      | Found a staircase to the Ecumenical Temple.
 10927 | Temple   | Entered the Ecumenical Temple
 11191 | D:6      | Found a runed translucent door.
 11192 | D:6      | Noticed Crazy Yiuf
 11219 | D:6      | Reached * piety under Elyvilon
 11406 | D:6      | Reached skill level 6 in Fighting
 11540 | D:6      | Killed Crazy Yiuf
 11689 | D:7      | Found a broken altar of Ashenzari.
 11690 | D:7      | Found a sparkling altar of Nemelex Xobeh.
 11691 | D:7      | Found a sacrificial altar of Ru.
 12135 | D:7      | Reached XP level 10. HP: 35/72 MP: 0/0
 12856 | D:8      | Noticed a deep elf pyromancer
 12869 | D:8      | Killed a deep elf pyromancer
 13180 | D:8      | Noticed Joseph
 13192 | D:8      | Killed Joseph
 13193 | D:8      | Reached skill level 7 in Fighting
 13408 | D:8      | Reached ** piety under Elyvilon
 14019 | D:8      | Noticed a moth of wrath
 14037 | D:8      | Killed a moth of wrath
 14112 | D:8      | Found a bloodstained altar of Trog.
 14320 | D:9      | Noticed a two-headed ogre
 14713 | D:9      | Noticed Pin's ghost (novice DrMo)
 15103 | D:9      | Found a transporter.
 15108 | D:9      | Noticed a two-headed ogre
 15112 | D:9      | Identified the +9 war axe of Toghoj {protect, rF+ Dex+4}
 15125 | D:9      | Found a transporter.
 15126 | D:9      | Reached *** piety under Elyvilon
 15166 | D:9      | Reached XP level 11. HP: 57/81 MP: 0/0
 15166 | D:9      | Learned a level 5 spell: Lee's Rapid Deconstruction
 15352 | D:9      | Reached skill level 8 in Fighting
 15878 | D:9      | Reached skill level 5 in Shields
 16214 | D:9      | Noticed a boulder beetle
 16222 | D:9      | Killed a boulder beetle
 16535 | D:10     | Entered Level 10 of the Dungeon
 16847 | D:10     | Reached **** piety under Elyvilon
 16884 | D:10     | Noticed Urug
 17434 | D:10     | Elyvilon protects you from harm!
 17438 | D:9      | Killed Urug
 17802 | D:9      | Reached skill level 1 in Invocations
 18180 | D:10     | Found a runed translucent door.
 18180 | D:10     | Noticed a deep elf pyromancer
 18180 | D:10     | Noticed AbsoluteStateOfPlay's ghost (novice MiBe)
 18250 | D:10     | Noticed a two-headed ogre
 18260 | D:10     | Killed a two-headed ogre
 18514 | D:11     | Acquired the ring of Unomaed {rF+ Dex+4}
 18533 | D:11     | Noticed a two-headed ogre
 18535 | D:11     | Found a frozen archway.
 18544 | D:11     | Killed a two-headed ogre
 18783 | IceCv    | Entered an ice cave
 18808 | IceCv    | Reached skill level 10 in Spellcasting
 18838 | IceCv    | Reached skill level 9 in Fighting
 18977 | IceCv    | Reached XP level 12. HP: 27/89 MP: 0/0
 19436 | IceCv    | Reached skill level 5 in Short Blades
 20289 | IceCv    | Noticed a frost giant
 20289 | IceCv    | Noticed a death yak
 20290 | IceCv    | Noticed a death yak
 20316 | IceCv    | Killed a death yak
 20383 | IceCv    | Noticed a death yak
 20383 | IceCv    | Noticed a death yak
 20415 | IceCv    | Killed a death yak
 20417 | IceCv    | Killed a death yak
 20418 | IceCv    | Reached skill level 10 in Fighting
 20418 | IceCv    | Reached skill level 5 in Invocations
 20521 | IceCv    | Killed a frost giant
 20527 | IceCv    | Killed a death yak
 20960 | D:11     | Reached XP level 13. HP: 62/97 MP: 0/0
 20960 | D:11     | Learned a level 5 spell: Fireball
 21563 | D:11     | Found a staircase to the Lair.
 22108 | Lair:1   | Entered Level 1 of the Lair of Beasts
 22584 | Lair:1   | Reached skill level 11 in Fighting
 22926 | Lair:1   | Reached skill level 5 in Dodging
 23432 | Lair:1   | Identified the +3 scimitar "Leymoav" {antimagic, rPois}
 24016 | Lair:2   | Found a snail-covered altar of Cheibriados.
 24037 | Lair:2   | Noticed a four-headed hydra
 24046 | Lair:2   | Killed a four-headed hydra
 24087 | Lair:2   | Reached ***** piety under Elyvilon
 24255 | Lair:2   | Found a staircase to the Snake Pit.
 24929 | Lair:2   | Found a hole to the Spider Nest.
 24974 | Lair:2   | Noticed a five-headed hydra
 24989 | Lair:2   | Killed a five-headed hydra
 25942 | Lair:3   | Noticed a four-headed hydra
 25956 | Lair:3   | Killed a four-headed hydra
 26170 | Lair:3   | Noticed a six-headed hydra
 26179 | Lair:3   | Killed a six-headed hydra
 26373 | Lair:3   | Noticed a six-headed hydra
 26383 | Lair:3   | Killed a six-headed hydra
 26448 | Lair:3   | Reached XP level 14. HP: 96/106 MP: 0/0
 27043 | Lair:4   | Reached skill level 12 in Fighting
 27147 | Lair:4   | Found a dark tunnel.
 27180 | Volcano  | Entered a volcano
 28957 | Lair:5   | You are sucked into a shaft and drop 1 floor!
 28957 | Lair:6   | Entered Level 6 of the Lair of Beasts
 29197 | Lair:5   | Reached ****** piety under Elyvilon
 30187 | Lair:6   | Reached skill level 13 in Fighting
 30598 | Lair:6   | Found a staircase to the Slime Pits.
 31102 | Lair:6   | Reached XP level 15. HP: 62/115 MP: 0/0
 31102 | Lair:6   | Learned a level 6 spell: Death Channel
 31288 | Lair:6   | Reached skill level 10 in Dodging
 31835 | Lair:6   | Identified the amulet "Foilem" {RegenMP Int+4 SInv}
 32093 | Lair:6   | Found a one-way gate to the infinite horrors of the Abyss.
 32094 | Lair:6   | Found a corrupted altar of Lugonu.
 33380 | D:12     | Identified the ring of Liberalism {rElec rPois rF+}
 33390 | D:12     | Identified the amulet of Zyeditec {Acrobat Int+6 SInv}
 33648 | D:12     | Reached skill level 14 in Fighting
 33839 | D:12     | Identified the amulet "Tihuhoe" {RegenMP rElec Slay+2}
 33860 | D:12     | Found a runed translucent door.
 33860 | D:12     | Found a runed translucent door.
 33898 | D:12     | Identified the ring "Jineyreph" {rF+ rC+ Int+6}
 34226 | D:12     | Noticed Jorgrun
 34246 | D:12     | Killed Jorgrun
 34487 | D:12     | Found a portal to a secret trove of treasure.
 34623 | D:12     | Found a staircase to the Orcish Mines.
 34773 | D:12     | Found Yqegoal's Firing Range.
 35200 | Orc:1    | Entered Level 1 of the Orcish Mines
 35957 | Orc:1    | Found a burning altar of Makhleb.
 35982 | Orc:1    | Found Vaexoi Rufy's Magic Scroll Shop.
 35990 | Orc:1    | Bought a scroll of enchant armour for 105 gold pieces
 36167 | Orc:2    | Entered Level 2 of the Orcish Mines
 37580 | Orc:2    | Found Huibramn's Antique Weapon Shop.
 37580 | Orc:2    | Found Gihug's General Store.
 37582 | Orc:2    | Found Zeub's Jewellery Shop.
 37582 | Orc:2    | Found Vumoll's Distillery.
 37629 | Orc:2    | Bought a potion of might for 68 gold pieces
 37631 | Orc:2    | Bought a scroll of identify for 28 gold pieces
 37768 | Orc:2    | Found a runed translucent gate.
 37828 | Orc:2    | Found a runed translucent gate.
 37828 | Orc:2    | Found a runed translucent gate.
 37834 | Orc:2    | Noticed IdlyInterested's ghost (journeyman DsBr)
 37865 | Orc:2    | Found a staircase to the Elven Halls.
 38126 | Elf:1    | Entered Level 1 of the Elven Halls
 38145 | Elf:1    | Reached XP level 16. HP: 74/124 MP: 0/0
 38646 | Elf:1    | Found a runed translucent gate.
 38646 | Elf:1    | Found a runed translucent gate.
 38646 | Elf:1    | Found a runed translucent gate.
 38646 | Elf:1    | Noticed flotson's ghost (adept DsGl)
 39100 | Elf:1    | Identified the +2 great sword of Qaudgh {spect, rElec rPois
                  | SInv}
 39720 | Elf:1    | Reached skill level 15 in Fighting
 39849 | Elf:1    | Noticed a deep elf sorcerer
 39857 | Elf:1    | Killed a deep elf sorcerer
 40415 | Elf:1    | Noticed Frances
 40432 | Elf:1    | Killed Frances
 41600 | D:13     | Found a gate to the Vaults.
 41798 | D:13     | Reached XP level 17. HP: 71/131 MP: 0/0
 41798 | D:13     | Learned a level 7 spell: Spellforged Servitor
 42781 | D:14     | You are sucked into a shaft and drop 1 floor!
 42781 | D:15     | Entered Level 15 of the Dungeon
 42874 | D:15     | Noticed Qucsich's ghost (journeyman HOAr)
 42946 | D:15     | Found a transporter.
 43299 | D:15     | Found a staircase to the Depths.
 43493 | D:15     | Found a transporter.
 43498 | D:15     | Found the +2 hat of the Bear Spirit {Spirit, *Rage Will++}
 43624 | D:15     | Found a sparkling altar of Nemelex Xobeh.
 43860 | D:15     | Identified the ring "Toxzar" {rPois rC++ rN+++ Will- Dex-5
                  | SInv}
 44206 | Spider:1 | Entered Level 1 of the Spider Nest
 44597 | Snake:1  | Entered Level 1 of the Snake Pit
 45027 | Snake:1  | Found a runed translucent door.
 45027 | Snake:1  | Noticed Cifurakhle's ghost (adept MiBe)
 45195 | Snake:1  | Reached skill level 16 in Fighting
 45213 | Snake:1  | Reached skill level 15 in Spellcasting
 46342 | Snake:2  | Reached XP level 18. HP: 120/139 MP: 0/0
 46728 | Snake:3  | Found Kugradi Zejo's Antique Armour Emporium.
 46730 | Snake:3  | Found Feasauq's General Store.
 46730 | Snake:3  | Found Siffyadgh's Antique Armour Emporium.
 46771 | Snake:3  | Found Areco's Armour Shoppe.
 46773 | Snake:3  | Bought a smoking buckler for 342 gold pieces
 46773 | Snake:3  | Identified the +2 buckler of Gozag's Grace {Str+4 Int+7
                  | Slay-6} (You bought it in a shop on level 3 of the Snake
                  | Pit)
 46787 | Snake:3  | Bought an embroidered scarf for 320 gold pieces
 46787 | Snake:3  | Bought a pair of runed gloves for 300 gold pieces
 46810 | Snake:3  | Bought a scroll of fear for 70 gold pieces
 46810 | Snake:3  | Bought a potion of mutation for 160 gold pieces
 47109 | Snake:3  | Reached skill level 10 in Invocations
 47761 | Snake:4  | Entered Level 4 of the Snake Pit
 48048 | Snake:4  | Noticed Aizul
 48054 | Snake:4  | Killed Aizul
 48210 | Snake:4  | Reached skill level 17 in Fighting
 48408 | Snake:4  | Noticed Kirke
 48420 | Snake:4  | Killed Kirke
 48464 | Snake:4  | Found Ataxitieh's Antique Weapon Shop.
 49162 | Snake:4  | Reached XP level 19. HP: 93/148 MP: 0/0
 49162 | Snake:4  | Learned a level 7 spell: Haunt
 49338 | Snake:4  | Got a serpentine rune of Zot
 49740 | Slime:1  | Entered Level 1 of the Pits of Slime
 51887 | Temple   | Fell from the grace of Elyvilon
 51887 | Temple   | Became a worshipper of Gozag Ym Sagoz the Greedy
 52670 | Spider:1 | HP: 2/225 [spark wasp[a torpor snail] (14)]
 52671 | Spider:1 | Killed from afar by a spark wasp

Illustrated notes

Levels and vault maps discovered:
D:1:      dpeg_arrival_leaves_temple_mockup, layout_basic,
          basic_ecumenical_altar
D:2:      layout_rooms
D:3:      layout_basic, jmf_multi_god_temple, uniq_natasha
D:4:      layout_basic, lightli_ossuary_entry_decrepit_ruins,
          hangedman_abyss_or_decor_lesser_grid, uniq_blork_the_orc
D:5:      layout_layer_cave, elyvilon_altar_3, minmay_shop_enchanted_jewellery,
          uniq_sigmund, uniq_ijyb, uniq_grinder
D:6:      layout_cave_pools, minmay_temple_entry_butterflies,
          amcnicky_mini_pool_small, minmay_fractal_squares_5,
          uniq_crazy_yiuf_cottage, uniq_duvessa
D:7:      layout_loops_ring, chequers_temple_overflow_statue_of_worship,
          kennysheep_generic_room_3
D:8:      layout_loops_ring, tgw_trog, uniq_joseph
D:9:      layout_grid_maze, nzn_ghost_randoct
D:10:     layout_irregular_city, ebering_ghost_inner_flame, uniq_urug
D:11:     layout_basic, erik_lair_island, portal_ice_cave_entry_pillars_1
D:12:     minmay_the_grid_triangle_9x9_recursive_2
          [minmay_the_grid_triangle_9x9_prize_special,
          minmay_the_grid_triangle_9x9_from_above,
          minmay_the_grid_triangle_9x9_tough_junction,
          minmay_the_grid_triangle_9x9_corruption], layout_basic, david_orc_3,
          nicolae_trove_entry_columns, drop_trap, nicolae_shop_firing_range,
          uniq_jorgrun
D:13:     layout_cave_pods, skrybe_vaults_entry_preservation,
          nicolae_figureground_sparkle
D:14:     layout_basic, minivault_4
D:15:     grunt_enter_depths_hoard, layout_loops_ring,
          gammafunk_ghost_berserking_beasts, nemelex_xobeh_ov_fountains_minmay,
          nicolae_sif_muna_little_library
Temple:   regret_index_temple_waves
Lair:1:   statuecave_lemuel, layout_gridlike
Lair:2:   layout_roguey, minmay_snake_entry_guardpost_large,
          nicolae_spider_entry_non_spiders, basic_altar, serial_bayou_pond_d,
          minmay_stone_trees_small, st_stairs_11, nicolae_quartered_pool_impasse
Lair:3:   layout_gridlike, lemuel_fruit_fields
Lair:4:   layout_long_grid, nicolae_volcano_entry_vermiform
Lair:5:   layout_regular_city, grunt_megastairs_5
Lair:6:   hellmonk_lair_end_abyssal_woods, layout_gridlike, slime_dummy,
          gammafunk_lair_bear_cave, grunt_megastairs_4
Snake:1:  layout_misc_corridors, hellmonk_ghost_happy_afterlife,
          nicolae_snake_slithery_corners, st_stairs_11
Snake:2:  layout_basic
Snake:3:  layout_grid_maze, minmay_shoptagon
Snake:4:  minmay_snake_end_coiled, layout_cave_town, serial_shops,
          nicolae_shop_statue_plus, nicolae_snake_linked_coils, uniq_aizul,
          uniq_kirke
Spider:1: nicolae_spider_hilbert_zone_4 [nicolae_spider_hilbert_4_sides_2_open,
          nicolae_spider_hilbert_4_sides_1_open,
          nicolae_spider_hilbert_4_sides_1_open,
          nicolae_spider_hilbert_4_sides_1_open,
          nicolae_spider_hilbert_4_sides_1_open,
          nicolae_spider_hilbert_2_sides_1_open,
          nicolae_spider_hilbert_2_sides_1_open,
          nicolae_spider_hilbert_2_sides_1_open,
          nicolae_spider_hilbert_2_sides_1_open,
          nicolae_spider_hilbert_6_sides_1_open,
          nicolae_spider_hilbert_6_sides_1_open,
          nicolae_spider_hilbert_3_sides_1_open,
          nicolae_spider_hilbert_3_sides_1_open], guppyfry_spider_mini_2,
          uniq_roxanne, uniq_donald
Slime:1:  layout_caves
Orc:1:    cheibrodos_orc_guarddog, layout_diamond_mine, basic_altar,
          serial_shops, shop_statue, mines1_david
Orc:2:    grunt_orc_tribal_feast, layout_caves, special_room,
          gammafunk_ghost_necromancy
Elf:1:    eino_elf_arrival_customs, layout_loops_ring, gammafunk_ghost_split,
          hangedman_elven_crosses_minicolossus, item_on_display_a, uniq_frances

Skill      XL: |  1  2  3  4  5  6  7  8  9 10 11 12 13 14 15 16 17 18 19 |
---------------+----------------------------------------------------------+-----
Fighting       | 1 2 3 4 5 6 7 9 10 11 13 14 15 16 17 | 17.8
Spellcasting   | 3 4 5 6 7 8 10 11 12 13 14 15 16 | 16.1
Short Blades   | 1 3 4 5 |  5.4
Shields        | 2 3 4 5 7 8 |  8.2
Stealth        | 3 4 |  4.5
Invocations    | 2 5 6 8 9 11 | 11.4
Dodging        | 6 9 11 13 | 13.1

Action                   |  1- 3 |  4- 6 |  7- 9 | 10-12 | 13-15 | 16-18 | 19-21 || total
-------------------------+-------+-------+-------+-------+-------+-------+-------++-------
Melee: Dagger            |    23 |    30 |   135 |   130 |   226 |    89 |    21 ||   654
       Punch             |     1 |       |     1 |       |       |       |       ||     2
 Cast: Sting             |    14 |     2 |       |       |       |       |       ||    16
       Poisonous Vapours |    40 |    35 |     1 |     2 |       |       |       ||    78
       Mephitic Cloud    |       |     5 |    25 |    43 |    22 |     5 |       ||   100
       Searing Ray       |       |    23 |    26 |     4 |       |       |       ||    53
       Blink             |       |       |     3 |       |       |       |       ||     3
       Olgreb's Toxic Ra |       |       |    30 |    57 |    60 |    19 |     6 ||   172
       Petrify           |       |       |    36 |    56 |   101 |    59 |     1 ||   253
       Lee's Rapid Decon |       |       |       |    37 |    54 |   189 |    14 ||   294
       Fireball          |       |       |       |       |   253 |   274 |    42 ||   569
       Spellforged Servi |       |       |       |       |       |    37 |     7 ||    44
       Haunt             |       |       |       |       |       |       |     7 ||     7
Invok: Heal Self         |       |       |       |     6 |    19 |    17 |     1 ||    43
       Potion Petition   |       |       |       |       |       |       |     1 ||     1
Evoke: Wand              |       |       |       |       |     2 |       |       ||     2
  Use: Scroll            |     3 |     3 |     3 |    10 |    12 |    16 |     4 ||    51
       Potion            |       |       |       |       |       |     7 |     3 ||    10
 Stab: Confused          |       |     2 |     3 |     5 |       |       |       ||    10
       Petrified         |       |       |    42 |    44 |   119 |    56 |     8 ||   269
       Petrifying        |       |       |     9 |     8 |    18 |     3 |       ||    38
Armor: Robe              |     9 |    24 |    11 |       |       |       |       ||    44
       Leather armour    |       |       |     3 |    42 |    23 |     1 |       ||    69
       Troll leather arm |       |       |       |       |       |    46 |    16 ||    62
       Acid dragon scale |       |       |       |       |       |       |    22 ||    22
Dodge: Dodged            |    26 |    63 |    86 |    90 |   139 |   164 |    71 ||   639
Block: Buckler           |       |       |    15 |    15 |     5 |   131 |    74 ||   240
       Orb               |       |       |       |       |    15 |     4 |       ||    19
       Reflection        |       |       |       |       |       |    22 |     1 ||    23

Table legend: (Time is in decaauts)
 A = Elapsed time spent in this place.
 B = Non-inter-level travel time spent in this place.
 C = Inter-level travel time spent in this place.
 D = Time resting spent in this place.
 E = Time spent auto-exploring this place.
 F = Levels seen in this place.
 G = Mean time per level.
                   A        B        C        D        E       F      G
               +--------+--------+--------+--------+--------+-----+--------+
         Total |  52628 |  50165 |   2463 |   6871 |  36685 |  34 | 1547.9 |
       Dungeon |  25595 |  24356 |   1239 |   3273 |  18385 |  15 | 1706.3 |
        Temple |    249 |    210 |     39 |      0 |    176 |   1 |  249.0 |
          Lair |  12713 |  11841 |    872 |   2215 |   8247 |   6 | 2118.8 |
     Snake Pit |   4672 |   4537 |    135 |    142 |   3515 |   4 | 1168.0 |
   Spider Nest |    300 |    298 |      2 |      0 |    172 |   1 |  300.0 |
    Slime Pits |     20 |     20 |      0 |      0 |      0 |   1 |   20.0 |
  Orcish Mines |   3144 |   3043 |    101 |    522 |   2201 |   2 | 1572.0 |
   Elven Halls |   2325 |   2253 |     72 |      0 |   1978 |   1 | 2325.0 |
       Ossuary |    672 |    672 |      0 |      6 |    337 |   1 |  672.0 |
      Ice Cave |   2088 |   2088 |      0 |    610 |   1104 |   1 | 2088.0 |
       Volcano |    845 |    845 |      0 |    103 |    570 |   1 |  845.0 |
               +--------+--------+--------+--------+--------+-----+--------+

Top non-repeatable levels by time:
  Lair:6: 3535 daAuts
  Lair:2: 3002 daAuts
     D:5: 2885 daAuts
     D:9: 2792 daAuts
    D:12: 2464 daAuts
  Lair:5: 2455 daAuts
   Elf:1: 2325 daAuts
    D:13: 2181 daAuts
     D:4: 2090 daAuts
   IceCv: 2088 daAuts
     D:1: 1879 daAuts
  Lair:1: 1873 daAuts
     D:8: 1750 daAuts
    D:11: 1659 daAuts
   Orc:2: 1622 daAuts
